 Dungeon Crawl Stone Soup version 0.24.1-4-ge52af88ad5 (webtiles) character file.

Game seed: 13036166207889254323, levelgen mode: deterministic

3543 lepoulpe303 the Magician (level 10, -13/77 HPs)
             Began as a Gnoll Skald on Apr 19, 2020.
             Was a Believer of Ashenzari.
             Killed from afar by Erica (15 damage)
             ... with an orb of energy
             ... on level 9 of the Dungeon on Apr 20, 2020.
             The game lasted 00:36:14 (7102 turns).

lepoulpe303 the Magician (Gnoll Skald)              Turns: 7102, Time: 00:36:15

Health: -13/77     AC: 10    Str: 16    XL:     10   Next: 9%
Magic:  19/20      EV: 17    Int: 21    God:    Ashenzari [**....]
Gold:   363        SH:  0    Dex: 23    Spells: 7/23 levels left

rFire    . . .     SeeInvis .   a - +0 war axe (curse)
rCold    + . .     Gourm    .   (no shield)
rNeg     . . .     Faith    .   O - +1 leather armour {rC+} {rC+}
rPois    +         Spirit   .   o - +0 helmet of Neferem {rPois Regen+ Dex+4} (curse)
rElec    .         Reflect  .   D - +0 cloak
rCorr    .         Harm     .   b - +1 pair of gloves
MR       .....                  n - +0 pair of boots
Stlth    +++.......             (no amulet)
HPRegen  0.62/turn              j - +5 ring of intelligence (curse)
MPRegen  0.17/turn              N - +4 ring of dexterity (curse)

@: singing, slowed, very slow
A: distributed training, fangs 1, strong nose
a: Curse Item, Scrying, Renounce Religion


You were on level 9 of the Dungeon.
You worshipped Ashenzari.
Ashenzari was pleased with you.
You were not hungry.

You visited 1 branch of the dungeon, and saw 9 of its levels.
You also visited: Ossuary.

You collected 363 gold pieces.

Inventory:

Hand Weapons
 a - a cursed +0 war axe (weapon)
Missiles
 k - 25 poisoned darts
 p - 8 boomerangs (quivered)
Armour
 b - a +1 pair of gloves (worn)
 n - a +0 pair of boots (worn)
 o - the cursed +0 helmet of Neferem (worn) {rPois Regen+ Dex+4}
   (You took it off Robin on level 2 of the Dungeon)

   It affects your dexterity (+4).
   It protects you from poison.
   It increases your rate of regeneration.
   It has a curse placed upon it.
 D - a +0 cloak (worn)
 O - a +1 leather armour of cold resistance (worn) {rC+}
Jewellery
 j - a cursed +5 ring of intelligence (left hand)
 F - an uncursed ring of protection from fire
 N - a cursed +4 ring of dexterity (right hand)
Wands
 c - a wand of iceblast (4)
 v - a wand of paralysis (6)
 x - a wand of flame (44)
 M - a wand of polymorph (10)
Scrolls
 f - a scroll of fog
 g - a scroll of immolation {unknown}
 h - 6 scrolls of teleportation {unknown}
 i - 4 scrolls of identify
 l - a scroll of magic mapping {unknown}
 w - 2 scrolls of remove curse
 y - 2 scrolls of enchant armour
 z - a scroll of enchant weapon {unknown}
 B - a scroll of blinking {!r}
 E - a scroll of random uselessness {unknown}
 J - a scroll of brand weapon {unknown}
 K - a scroll of silence
 P - a scroll of torment {unknown}
Potions
 d - 2 potions of might
 m - 2 potions of ambrosia
 q - 6 potions of curing
 r - 2 potions of brilliance
 s - a potion of magic {unknown}
 t - 2 potions of flight
 u - 2 potions of lignification {!q}
 A - a potion of mutation {unknown}
 C - 2 potions of degeneration {unknown}
 G - a potion of agility {unknown}
 H - a potion of haste {unknown}
 I - 2 potions of invisibility
 L - a potion of heal wounds {unknown}
Comestibles
 e - 21 rations


   Skills:
 + Level 6.7 Fighting
 + Level 4.8 Short Blades
 + Level 4.8 Long Blades
 + Level 6.7(9.1) Axes
 + Level 4.8 Maces & Flails
 + Level 4.8 Polearms
 + Level 4.8 Staves
 + Level 4.8 Slings
 + Level 4.8 Bows
 + Level 4.8 Crossbows
 + Level 4.8 Throwing
 + Level 5.5 Armour
 + Level 6.7 Dodging
 + Level 4.8 Stealth
 + Level 4.8 Shields
 + Level 4.8 Unarmed Combat
 + Level 7.0 Spellcasting
 + Level 4.0(5.3) Conjurations
 + Level 4.0(5.3) Hexes
 + Level 6.8(8.3) Charms
 + Level 4.0(5.3) Summonings
 + Level 4.0(5.3) Necromancy
 + Level 4.0(5.3) Translocations
 + Level 4.0(5.3) Transmutations
 + Level 4.0(5.3) Fire Magic
 + Level 4.0(5.3) Ice Magic
 + Level 4.0(5.3) Air Magic
 + Level 4.0(5.3) Earth Magic
 + Level 4.0(5.3) Poison Magic
 + Level 5.3 Invocations
 + Level 4.8(6.2) Evocations


You had 7 spell levels left.
You knew the following spells:

 Your Spells              Type           Power        Failure   Level  Hunger
a - Infusion              Chrm           ####         1%          1    None
b - Blink                 Tloc           N/A          1%          2    None
r - Regeneration          Chrm/Necr      #####.....   1%          3    #......
s - Shroud of Golubria    Chrm/Tloc      #####.       1%          2    None
x - Mephitic Cloud        Conj/Pois/Air  ####....     3%          3    #......
z - Spectral Weapon       Hex/Chrm       #####...     1%          3    #......
S - Song of Slaying       Chrm           #####...     1%          2    None

Your spell library contained the following spells:

 Spells                   Type           Power        Failure   Level  Hunger
 Animate Skeleton         Necr           N/A          1%          1    None
 Magic Dart               Conj           ####         1%          1    None
 Pain                     Necr           ####         1%          1    None
 Summon Butterflies       Summ           ####....     1%          1    None
 Call Imp                 Summ           ####....     1%          2    None
 Slow                     Hex            ####....     1%          2    None
 Call Canine Familiar     Summ           ####....     3%          3    #......
 Conjure Flame            Conj/Fire      ####....     3%          3    #......
 Vampiric Draining        Necr           ####......   3%          3    #......
 Animate Dead             Necr           N/A          12%         4    ###....
 Summon Ice Beast         Ice/Summ       ####....     12%         4    ###....
 Summon Mana Viper        Hex/Summ       ####....     32%         5    #####..
 Summon Hydra             Summ           ####......   100%        7    #######


Dungeon Overview and Level Annotations

Branches:
Dungeon (9/15)             Temple (0/1) D:6             Orc (0/2) D:9
Ossuary (visited)
   Lair: D:8-11

Altars:
Ashenzari
Cheibriados
Fedhas
Kikubaaqudgha
Makhleb
Vehumet

Shops:
D:5 :   D:7 *

Annotations:
D:9 Erica


Innate Abilities, Weirdness & Mutations

Your experience applies equally to all skills.
You have very sharp teeth.
Your uncanny sense of smell can sniff out nearby items.


Message History

Something burns you.
* * * LOW HITPOINT WARNING * * *
You take 31 damage, and have 11/77 hp.
MASSIVE DAMAGE!!
Okay, then.
Okay, then.
Okay, then.
You hit something.
The orc closely misses your spectral weapon.
Something hits you!
* * * LOW HITPOINT WARNING * * *
Something burns you.
* * * LOW HITPOINT WARNING * * *
You take 10 damage, and have 1/77 hp.
You slash something!
The orc closely misses your spectral weapon.
You hear some strange, mumbled words.
An orb of energy appears from out of thin air!
The orb of energy hits you!
You die...

* * , ,, ,
... , , ,,
,...# *** ,
, ....# ,
.....####
,*
....(...# *
* #......#
, #....{)#
* ** ,
#...o(@+ ,
,*
#....))#*
***#......#
, *
........# *
....##.## *
, , .... #.
* , , ...
##, * ∩ >
.. , ∆ , ,
*


You could see an orc and a friendly spectral +0 war axe.

Levels and vault maps discovered:
D:1:      tarquinn_simple_flora_water_d, layout_basic, minivault_25,
          minmay_tiny_reverse_x
D:2:      layout_loops_ring, nicolae_overflow_hidden_temple, uniq_robin
D:3:      layout_basic, first_ration
D:4:      cheibrodos_quashed, layout_cave_pools, grunt_temple_overflow_open,
          hangedman_decor_diamond_cutter, uniq_edmund, uniq_duvessa
D:5:      wad_pebble_path, layout_basic, serial_shops, shop_statue,
          uniq_crazy_yiuf_cottage, uniq_ijyb
D:6:      layout_loops_corners, minmay_temple_entry_offerings, enter_ossuary_5,
          fedhas_ov_isle_minmay
D:7:      layout_basic, serial_shops, kennysheep_mini, the_bakery,
          hangedman_abyss_or_decor_lesser_grid
D:8:      layout_loops_cross
D:9:      layout_basic, lair_entry_dummy, orc_david_3, uniq_erica

Notes
Turn   | Place    | Note
-------+----------+-------------------------------------------
     0 | D:1      | lepoulpe303 the Gnoll Skald began the quest for the Orb.
     0 | D:1      | Reached XP level 1. HP: 20/20 MP: 6/6
    19 | D:1      | Identified a +0 club
    35 | D:1      | Identified a +0 dagger
    35 | D:1      | Identified a +0 dagger
    45 | D:1      | Reached XP level 2. HP: 20/26 MP: 4/7
    71 | D:1      | Learned a level 2 spell: Song of Slaying
    74 | D:1      | Learned a level 2 spell: Shroud of Golubria
    91 | D:1      | Identified a +0 club
   338 | D:1      | lepoulpe303: !whichgod gnsk
   338 | D:1      | meem: 126 recent wins for gnsk: 33x Cheibriados, 17x
                  | Ashenzari, 16x Okawaru, 13x Gozag, 5x Sif Muna, 5x Nemelex
                  | Xobeh, 5x Makhleb, 4x Yredelemnul, 3x Wu Jian, 3x
                  | Kikubaaqudgha, 3x Uskayaw, 2x Hepliaklqana, 2x Jiyva, 2x
                  | Zin, 2x Lugonu, 2x Vehumet, 2x The Shining One, 2x Qazlal,
                  | 2x Dithmenos, Xom, Fedhas, Ru
   443 | D:1      | Identified a cursed -3 club
   566 | D:1      | Identified a +0 club
   571 | D:1      | Reached XP level 3. HP: 29/31 MP: 9/9
   711 | D:2      | Reached skill level 5 in Spellcasting
   724 | D:2      | Reached skill level 1 in Invocations
   742 | D:2      | HP: 7/31 [poisoned by an adder]
   766 | D:2      | HP: 6/31 [leopard gecko (4)]
   975 | D:2      | Reached skill level 1 in Short Blades
   975 | D:2      | Reached skill level 1 in Long Blades
   975 | D:2      | Reached skill level 1 in Maces & Flails
   975 | D:2      | Reached skill level 1 in Polearms
   975 | D:2      | Reached skill level 1 in Staves
   975 | D:2      | Reached skill level 1 in Slings
   975 | D:2      | Reached skill level 1 in Bows
   975 | D:2      | Reached skill level 1 in Crossbows
   975 | D:2      | Reached skill level 1 in Throwing
   975 | D:2      | Reached skill level 1 in Stealth
   975 | D:2      | Reached skill level 1 in Shields
   975 | D:2      | Reached skill level 1 in Unarmed Combat
   975 | D:2      | Reached skill level 1 in Evocations
  1112 | D:2      | Reached XP level 4. HP: 35/38 MP: 11/11
  1117 | D:2      | Identified a +1 short sword of distortion
  1168 | D:2      | Learned a level 3 spell: Regeneration
  1245 | D:2      | Identified a +0 hunting sling (You found it on level 2 of
                  | the Dungeon)
  1411 | D:2      | Identified a +0 hand axe
  1547 | D:2      | Identified a +0 dagger
  1547 | D:2      | Identified a +0 animal skin
  1547 | D:2      | Identified the cursed +0 helmet of Neferem {rPois Regen+
                  | Dex+4}
  1547 | D:2      | Noticed Robin
  1547 | D:2      | Identified a +2 dagger of venom
  1547 | D:2      | Identified a +0 dagger
  1547 | D:2      | Identified a +0 club
  1584 | D:2      | Identified a +0 club
  1585 | D:2      | Identified a +0 dagger of draining
  1590 | D:2      | Killed Robin
  1593 | D:2      | Identified a +0 hunting sling
  1594 | D:2      | Reached skill level 1 in Conjurations
  1594 | D:2      | Reached skill level 1 in Hexes
  1594 | D:2      | Reached skill level 1 in Summonings
  1594 | D:2      | Reached skill level 1 in Necromancy
  1594 | D:2      | Reached skill level 1 in Translocations
  1594 | D:2      | Reached skill level 1 in Transmutations
  1594 | D:2      | Reached skill level 1 in Fire Magic
  1594 | D:2      | Reached skill level 1 in Ice Magic
  1594 | D:2      | Reached skill level 1 in Air Magic
  1594 | D:2      | Reached skill level 1 in Earth Magic
  1594 | D:2      | Reached skill level 1 in Poison Magic
  1958 | D:2      | Learned a level 3 spell: Spectral Weapon
  2045 | D:3      | Identified a cursed -3 flail
  2050 | D:3      | Identified a +0 club
  2126 | D:3      | Identified a +0 whip
  2126 | D:3      | Noticed a phantom
  2127 | D:3      | Identified a +0 short sword
  2131 | D:3      | Identified a +0 club
  2137 | D:3      | Identified a +0 club
  2151 | D:3      | Killed a phantom
  2151 | D:3      | Reached skill level 3 in Armour
  2151 | D:3      | Reached XP level 5. HP: 41/43 MP: 6/12
  2364 | D:3      | Identified a +0 club
  2364 | D:3      | Identified a +0 leather armour
  2366 | D:3      | Identified a +0 falchion
  2367 | D:3      | Identified a +0 dagger
  2367 | D:3      | Identified a +0 robe
  2381 | D:3      | Reached XP level 6. HP: 32/50 MP: 7/13
  2515 | D:3      | Reached skill level 2 in Invocations
  2590 | D:4      | Found a shattered altar of Ashenzari.
  2595 | D:4      | Found a burning altar of Makhleb.
  2597 | D:4      | Found an ancient bone altar of Kikubaaqudgha.
  2600 | D:4      | Found a radiant altar of Vehumet.
  2601 | D:4      | Found a snail-covered altar of Cheibriados.
  2603 | D:4      | Became a worshipper of Ashenzari the Shackled
  2603 | D:4      | Identified an uncursed ring of intelligence (You found it
                  | on level 1 of the Dungeon)
  2672 | D:4      | Identified a +0 mace
  2672 | D:4      | Identified a +0 whip
  2674 | D:4      | Identified a +0 flail
  2681 | D:4      | Identified a +0 dagger
  2706 | D:4      | Identified a +0 flail of crushing
  2706 | D:4      | Identified a +0 leather armour
  2706 | D:4      | Noticed Edmund
  2774 | D:4      | Identified a +0 pair of gloves (You found it on level 4 of
                  | the Dungeon)
  2774 | D:4      | Identified 6 scrolls of identify
  2774 | D:4      | Identified 2 potions of flight
  2788 | D:4      | Identified a +0 pair of boots (You found it on level 4 of
                  | the Dungeon)
  2807 | D:4      | Reached skill level 5 in Fighting
  2807 | D:4      | Reached skill level 5 in Axes
  2807 | D:4      | Reached skill level 5 in Dodging
  2819 | D:4      | Identified a +0 falchion
  2821 | D:4      | Identified a +0 dagger
  2821 | D:4      | Identified a +0 robe
  2821 | D:4      | Noticed Dowan
  2831 | D:4      | Identified a +0 short sword
  2831 | D:4      | Identified a +0 chain mail
  2831 | D:4      | Noticed Duvessa
  2860 | D:4      | Identified a +0 trident
  2866 | D:4      | Reached skill level 2 in Short Blades
  2866 | D:4      | Reached skill level 2 in Long Blades
  2866 | D:4      | Reached skill level 2 in Maces & Flails
  2866 | D:4      | Reached skill level 2 in Polearms
  2866 | D:4      | Reached skill level 2 in Staves
  2866 | D:4      | Reached skill level 2 in Slings
  2866 | D:4      | Reached skill level 2 in Bows
  2866 | D:4      | Reached skill level 2 in Crossbows
  2866 | D:4      | Reached skill level 2 in Throwing
  2866 | D:4      | Reached skill level 2 in Stealth
  2866 | D:4      | Reached skill level 2 in Shields
  2866 | D:4      | Reached skill level 2 in Unarmed Combat
  2866 | D:4      | Reached skill level 2 in Evocations
  2876 | D:4      | Identified 2 potions of brilliance
  2877 | D:4      | Identified a potion of might
  2878 | D:4      | Identified a potion of curing
  3075 | D:4      | Identified a +0 rapier
  3077 | D:4      | Identified a +0 dagger (You found it on level 2 of the
                  | Dungeon)
  3077 | D:4      | Identified a +0 whip
  3077 | D:4      | Identified a +0 hunting sling
  3077 | D:4      | Identified a +0 hand axe
  3077 | D:4      | Identified a cursed +0 dagger
  3077 | D:4      | Identified a +0 helmet (You found it on level 3 of the
                  | Dungeon)
  3261 | D:4      | Killed Edmund
  3261 | D:4      | Reached XP level 7. HP: 56/56 MP: 15/15
  3341 | D:4      | Killed Duvessa
  3343 | D:4      | Killed Dowan
  3343 | D:4      | Reached skill level 2 in Conjurations
  3343 | D:4      | Reached skill level 2 in Hexes
  3343 | D:4      | Reached skill level 2 in Summonings
  3343 | D:4      | Reached skill level 2 in Necromancy
  3343 | D:4      | Reached skill level 2 in Translocations
  3343 | D:4      | Reached skill level 2 in Transmutations
  3343 | D:4      | Reached skill level 2 in Fire Magic
  3343 | D:4      | Reached skill level 2 in Ice Magic
  3343 | D:4      | Reached skill level 2 in Air Magic
  3343 | D:4      | Reached skill level 2 in Earth Magic
  3343 | D:4      | Reached skill level 2 in Poison Magic
  3361 | D:4      | Learned a level 2 spell: Blink
  3365 | D:4      | Learned a level 3 spell: Mephitic Cloud
  3460 | D:5      | Entered Level 5 of the Dungeon
  3505 | D:5      | Identified a +0 dagger
  3574 | D:5      | Identified a +0 dagger
  3574 | D:5      | Identified a +0 robe
  3574 | D:5      | Identified a +0 mace
  3574 | D:5      | Identified a +0 ring mail
  3607 | D:5      | Found Ystrezoarr's Book Emporium.
  3631 | D:5      | Identified a +0 spear
  3655 | D:5      | Reached skill level 3 in Invocations
  3665 | D:5      | Identified a +0 shortbow
  3674 | D:5      | Reached XP level 8. HP: 55/63 MP: 0/16
  3693 | D:5      | Reached skill level 6 in Charms
  3881 | D:5      | Identified a +0 club
  3881 | D:5      | Identified a +0 leather armour
  3881 | D:5      | Noticed Ijyb
  3897 | D:5      | Killed Ijyb
  3950 | D:5      | Identified a +0 falchion
  4035 | D:5      | Identified a +0 club
  4035 | D:5      | Identified a +0 ring mail
  4036 | D:5      | Identified a +0 ring mail
  4036 | D:5      | Identified a +0 dagger
  4036 | D:5      | Identified a +0 club
  4037 | D:5      | Identified a +0 dagger
  4038 | D:5      | Identified a +0 dagger
  4042 | D:5      | Reached skill level 4 in Armour
  4075 | D:5      | Reached skill level 3 in Short Blades
  4075 | D:5      | Reached skill level 3 in Long Blades
  4075 | D:5      | Reached skill level 3 in Maces & Flails
  4075 | D:5      | Reached skill level 3 in Polearms
  4075 | D:5      | Reached skill level 3 in Staves
  4075 | D:5      | Reached skill level 3 in Slings
  4075 | D:5      | Reached skill level 3 in Bows
  4075 | D:5      | Reached skill level 3 in Crossbows
  4075 | D:5      | Reached skill level 3 in Throwing
  4075 | D:5      | Reached skill level 3 in Stealth
  4075 | D:5      | Reached skill level 3 in Shields
  4075 | D:5      | Reached skill level 3 in Unarmed Combat
  4075 | D:5      | Reached skill level 3 in Evocations
  4103 | D:5      | Found a runed translucent door.
  4104 | D:5      | Identified a +2 mace of holy wrath
  4104 | D:5      | Identified a +2 quarterstaff of chaos
  4104 | D:5      | Identified a +0 cloak
  4104 | D:5      | Noticed Crazy Yiuf
  4115 | D:5      | Killed Crazy Yiuf
  4199 | D:5      | Identified a +0 hand axe
  4199 | D:5      | Identified a +0 hand axe
  4202 | D:5      | Identified a +0 mace
  4362 | D:6      | Identified a +0 giant club
  4423 | D:6      | Identified a ring of dexterity
  4470 | D:6      | Found a sand-covered staircase.
  4474 | Ossuary  | Entered an ossuary
  4474 | Ossuary  | Noticed a wraith
  4474 | Ossuary  | Noticed a wraith
  4474 | Ossuary  | Noticed a wraith
  4663 | Ossuary  | Reached * piety under Ashenzari
  4711 | Ossuary  | Noticed a wraith
  4739 | Ossuary  | HP: 9/63 [wraith (8)]
  4753 | Ossuary  | Killed a wraith
  4753 | Ossuary  | Reached skill level 6 in Spellcasting
  4904 | D:6      | Identified a +0 rapier
  4967 | D:6      | Found a blossoming altar of Fedhas.
  4979 | D:6      | Identified a +0 giant spiked club
  5083 | D:6      | Found a staircase to the Ecumenical Temple.
  5085 | D:6      | Identified a +0 spear
  5122 | D:6      | Reached skill level 4 in Invocations
  5171 | D:6      | Identified a +1 dagger of draining
  5171 | D:6      | Identified a +0 robe
  5172 | D:6      | Identified a +0 leather armour
  5176 | D:6      | Reached skill level 3 in Conjurations
  5176 | D:6      | Reached skill level 3 in Hexes
  5176 | D:6      | Reached skill level 3 in Summonings
  5176 | D:6      | Reached skill level 3 in Necromancy
  5176 | D:6      | Reached skill level 3 in Translocations
  5176 | D:6      | Reached skill level 3 in Transmutations
  5176 | D:6      | Reached skill level 3 in Fire Magic
  5176 | D:6      | Reached skill level 3 in Ice Magic
  5176 | D:6      | Reached skill level 3 in Air Magic
  5176 | D:6      | Reached skill level 3 in Earth Magic
  5176 | D:6      | Reached skill level 3 in Poison Magic
  5180 | D:6      | Identified a +0 dagger
  5181 | D:6      | Identified a +0 mace
  5186 | D:6      | Identified a +0 glaive
  5186 | D:6      | Identified a +0 chain mail
  5188 | D:6      | Reached XP level 9. HP: 34/69 MP: 14/18
  5189 | D:6      | HP: 14/69 [orc warrior/+0 glaive (21)]
  5312 | D:6      | Reached skill level 6 in Fighting
  5312 | D:6      | Reached skill level 6 in Axes
  5312 | D:6      | Reached skill level 6 in Dodging
  5766 | D:7      | Identified a +0 hand axe
  5766 | D:7      | Identified a +0 leather armour
  5767 | D:7      | Identified a +0 scimitar
  5767 | D:7      | Identified a +0 chain mail
  5767 | D:7      | Identified a +0 war axe
  5767 | D:7      | Identified a +0 ring mail
  5795 | D:7      | Identified 3 scrolls of enchant armour
  5863 | D:7      | Identified a +0 hand axe
  5863 | D:7      | Identified a +0 ring mail
  5875 | D:7      | Identified a +0 mace
  5875 | D:7      | Identified a +0 leather armour
  5901 | D:7      | Reached skill level 4 in Short Blades
  5901 | D:7      | Reached skill level 4 in Long Blades
  5901 | D:7      | Reached skill level 4 in Maces & Flails
  5901 | D:7      | Reached skill level 4 in Polearms
  5901 | D:7      | Reached skill level 4 in Staves
  5901 | D:7      | Reached skill level 4 in Slings
  5901 | D:7      | Reached skill level 4 in Bows
  5901 | D:7      | Reached skill level 4 in Crossbows
  5901 | D:7      | Reached skill level 4 in Throwing
  5901 | D:7      | Reached skill level 4 in Stealth
  5901 | D:7      | Reached skill level 4 in Shields
  5901 | D:7      | Reached skill level 4 in Unarmed Combat
  5901 | D:7      | Reached skill level 4 in Evocations
  5903 | D:7      | Identified a +1 dagger of venom
  5912 | D:7      | Identified a +0 short sword
  5921 | D:7      | Reached skill level 5 in Armour
  5941 | D:7      | Identified a +0 trident
  5941 | D:7      | Identified a +0 leather armour
  5944 | D:7      | Identified a +0 club
  5959 | D:7      | Identified a +0 helmet
  5963 | D:7      | Identified a +4 hunting sling
  6038 | D:7      | Identified a +0 shortbow
  6059 | D:7      | Identified 2 scrolls of fog
  6060 | D:7      | Identified 2 scrolls of silence
  6082 | D:7      | Identified 2 scrolls of blinking
  6083 | D:7      | Identified a +0 great sword
  6189 | D:7      | Identified a +0 dagger
  6195 | D:7      | Reached ** piety under Ashenzari
  6239 | D:7      | Found Qewkaad's General Store.
  6244 | D:7      | Identified a +0 giant club
  6283 | D:7      | Identified a cursed -1 dagger
  6283 | D:7      | Identified a +0 robe
  6417 | D:8      | Identified a ring of attention
  6521 | D:8      | Identified a +1 leather armour of cold resistance {rC+}
                  | (You found it on level 8 of the Dungeon)
  6531 | D:8      | Identified a +0 giant spiked club
  6537 | D:8      | Reached skill level 5 in Invocations
  6706 | D:8      | Identified a +0 giant club
  6769 | D:8      | Identified a +0 trident
  6769 | D:8      | Identified a +0 plate armour
  6769 | D:8      | Identified a +0 dagger
  6769 | D:8      | Identified a +0 robe
  6769 | D:8      | Identified a +0 short sword
  6770 | D:8      | Identified a +0 hand axe
  6787 | D:8      | Reached skill level 7 in Spellcasting
  6787 | D:8      | Reached XP level 10. HP: 53/77 MP: 20/20
  6837 | D:8      | Identified 2 potions of ambrosia
  6838 | D:8      | Identified 2 potions of lignification
  6839 | D:8      | Identified 2 potions of invisibility
  6951 | D:8      | Identified a +0 quarterstaff
  7052 | D:8      | Identified a ring of protection from fire
  7080 | D:9      | Identified a +0 short sword
  7080 | D:9      | Identified a +0 short sword
  7080 | D:9      | Identified a +0 dagger
  7080 | D:9      | Identified a +0 short sword
  7080 | D:9      | Identified a +0 hand crossbow
  7081 | D:9      | Identified a +3 scimitar of flaming
  7081 | D:9      | Identified a +2 robe
  7081 | D:9      | Noticed Erica
  7082 | D:9      | Identified a +0 leather armour
  7084 | D:9      | Identified a +0 club
  7089 | D:9      | Reached skill level 4 in Conjurations
  7089 | D:9      | Reached skill level 4 in Hexes
  7089 | D:9      | Reached skill level 4 in Summonings
  7089 | D:9      | Reached skill level 4 in Necromancy
  7089 | D:9      | Reached skill level 4 in Translocations
  7089 | D:9      | Reached skill level 4 in Transmutations
  7089 | D:9      | Reached skill level 4 in Fire Magic
  7089 | D:9      | Reached skill level 4 in Ice Magic
  7089 | D:9      | Reached skill level 4 in Air Magic
  7089 | D:9      | Reached skill level 4 in Earth Magic
  7089 | D:9      | Reached skill level 4 in Poison Magic
  7090 | D:9      | Identified a +0 giant spiked club
  7100 | D:9      | HP: 17/77 [something (13)]
  7101 | D:9      | HP: 4/77 [something (8)]
  7101 | D:9      | HP: 1/77 [something (3)]
  7102 | D:9      | Killed from afar by Erica

Table legend:
 A = Turns spent in this place as a percentage of turns spent in the entire game.
 B = Non-inter-level travel turns spent in this place as a percentage of non-inter-level travel turns spent in the entire game.
 C = Inter-level travel turns spent in this place as a percentage of turns spent in this place.
 D = Turns resting spent in this place as a percentage of non-inter-level travel turns spent in this place.
 E = Turns spent auto-exploring this place as a percentage of non-inter-level travel turns spent in this place.
 F = Non-inter-level travel turns spent in this place divided by the number of levels of this place that you've seen.
                   A       B       C       D       E      F
               +-------+-------+-------+-------+-------+----------------------
         Total | 100.0 | 100.0 |   3.3 |  13.5 |  57.0 | 687.0
       Dungeon |  95.3 |  95.1 |   3.4 |  14.0 |  59.7 | 725.9
       Ossuary |   4.7 |   4.9 |   0.0 |   4.2 |   5.3 | 337.0
               +-------+-------+-------+-------+-------+----------------------

Table legend:
 A = Kills in this place as a percentage of kills in entire the game.
 B = Kills by you in this place as a percentage of kills by you in the entire game.
 C = Kills by friends in this place as a percentage of kills by friends in the entire game.
 D = Other kills in this place as a percentage of other kills in the entire game.
 E = Experience gained in this place as a percentage of experience gained in the entire game.
 F = Experience gained in this place divided by the number of levels of this place that you have seen.
                   A       B       C       D       E      F
               +-------+-------+-------+-------+-------+----------------------
         Total | 100.0 | 100.0 |   N/A |   N/A | 100.0 | 506.2
       Dungeon |  87.0 |  87.0 |   N/A |   N/A |  95.2 | 535.2
       Ossuary |  13.0 |  13.0 |   N/A |   N/A |   4.8 | 245.0
               +-------+-------+-------+-------+-------+----------------------

Skill      XL: |  1  2  3  4  5  6  7  8  9 10 |
---------------+-------------------------------+-----
Spellcasting   | 5 6 7 |  7.0
Invocations    | 1 2 3 4 5 |  5.3
Short Blades   | 1 2 3 4 |  4.8
Long Blades    | 1 2 3 4 |  4.8
Maces & Flails | 1 2 3 4 |  4.8
Polearms       | 1 2 3 4 |  4.8
Staves         | 1 2 3 4 |  4.8
Slings         | 1 2 3 4 |  4.8
Bows           | 1 2 3 4 |  4.8
Crossbows      | 1 2 3 4 |  4.8
Throwing       | 1 2 3 4 |  4.8
Stealth        | 1 2 3 4 |  4.8
Shields        | 1 2 3 4 |  4.8
Unarmed Combat | 1 2 3 4 |  4.8
Evocations     | 1 2 3 4 |  4.8
Conjurations   | 1 2 3 4 |  4.0
Hexes          | 1 2 3 4 |  4.0
Summonings     | 1 2 3 4 |  4.0
Necromancy     | 1 2 3 4 |  4.0
Translocations | 1 2 3 4 |  4.0
Transmutations | 1 2 3 4 |  4.0
Fire Magic     | 1 2 3 4 |  4.0
Ice Magic      | 1 2 3 4 |  4.0
Air Magic      | 1 2 3 4 |  4.0
Earth Magic    | 1 2 3 4 |  4.0
Poison Magic   | 1 2 3 4 |  4.0
Armour         | 3 4 5 |  5.5
Fighting       | 5 6 |  6.7
Axes           | 5 6 |  6.7
Dodging        | 5 6 |  6.7
Charms         | 6 |  6.8

Action                   |  1- 3 |  4- 6 |  7- 9 | 10-12 || total
-------------------------+-------+-------+-------+-------++-------
Melee: Hand axe          |    81 |   153 |   365 |       ||   599
       Bite              |     5 |    23 |    98 |     2 ||   128
       Punch             |       |     2 |     6 |     1 ||     9
       War axe           |       |       |   137 |    34 ||   171
 Fire: Hunting sling     |       |    34 |       |       ||    34
Throw: Dart              |     7 |     2 |       |       ||     9
       Boomerang         |       |     1 |    23 |       ||    24
 Cast: Infusion          |     1 |     1 |    14 |       ||    16
       Spectral Weapon   |       |     1 |     8 |     1 ||    10
       Shroud of Golubri |       |     1 |     4 |       ||     5
       Mephitic Cloud    |       |       |     1 |       ||     1
       Song of Slaying   |       |       |     5 |     1 ||     6
       Blink             |       |       |     1 |       ||     1
Invok: Curse Item        |       |     2 |     2 |       ||     4
Evoke: Wand              |       |     2 |     2 |       ||     4
  Use: Scroll            |       |     4 |     5 |     3 ||    12
 Stab: Sleeping          |     1 |       |    12 |     1 ||    14
       Paralysed         |       |     9 |    10 |       ||    19
       Confused          |       |       |     1 |       ||     1
       Invisible         |       |       |     1 |       ||     1
       Distracted        |       |       |     1 |       ||     1
  Eat: Chunk             |     1 |     7 |    12 |     1 ||    21
Armor: Leather armour    |    13 |    23 |   118 |    15 ||   169
Dodge: Dodged            |    61 |   100 |   437 |    29 ||   627

Vanquished Creatures
  A spriggan (D:7)
  A wraith (Ossuary)
  Edmund (D:4)
  Duvessa (D:4)
  3 orc warriors
  An ice beast (D:7)
  A phantom (D:3)
  2 centaurs
  6 ogres
  2 big kobolds
  3 bullfrogs
  Dowan (D:4)
  A scorpion (D:7)
  6 killer bees (D:7)
  3 howler monkeys
  A bullfrog zombie (D:5)
  A crimson imp (D:5)
  A quasit (D:5)
  A hound (D:4)
  A centaur skeleton (D:6)
  A centaur zombie (D:6)
  3 orc priests
  A jelly (D:7)
  4 orc wizards
  2 bullfrog skeletons (D:8)
  Crazy Yiuf (D:5)
  An iguana (D:8)
  Ijyb (D:5)
  11 worker ants
  A hound zombie (D:5)
  2 hound skeletons
  A mummy (Ossuary)
  Robin (D:2)
  A howler monkey skeleton (D:8)
  5 adders
  A shadow imp (D:8)
  An ooze (D:2)
  An adder zombie (D:6)
  2 worms (D:3)
  2 adder skeletons
  A dart slug (D:1)
  4 leopard geckos
  27 orcs
  8 giant cockroaches
  10 hobgoblins
  6 jackals (D:2)
  2 quokkas
  2 ball pythons (D:3)
  3 bats
  2 frilled lizards
  7 gnoll skeletons (Ossuary)
  16 goblins
  16 kobolds
  2 kobold skeletons (Ossuary)
  16 orc skeletons (Ossuary)
  A quokka skeleton (D:6)
  4 rats
208 creatures vanquished.

Vanquished Creatures (others)
  A spectral weapon (D:5)
1 creature vanquished.

Grand Total: 209 creatures vanquished
